[Event "WSTCC-65 2024"]
[Site "Krakow"]
[Date "2024.07.05"]
[Round "4.10"]
[White "Morriss, Pete"]
[Black "Fletcher, John"]
[Result "1-0"]
[ECO "B20"]
[WhiteElo "1982"]
[BlackElo "2007"]
[Annotator "NA RC"]
[PlyCount "83"]
[EventDate "2024.07.01"]
[EventType "team-tourn"]
[EventCountry "POL"]
[SourceTitle "playchess.com"]
[Source "ChessBase"]
[SourceQuality "1"]
[TimeControl "40/5400+30:1800+30"]

1. e4 c5 2. c4 Nc6 3. Nc3 g6 4. g3 Bg7 5. Bg2 d6 6. Nge2 h5 7. h3 Nf6 8. d3 e5 9. a3 Be6 10. Bg5 Qd7 11. Nd5 Nh7 12. Bd2 O-O 13. h4 Bxd5 14. cxd5 Ne7 15. Bh3 Qc7 16. Qc1 b5 17. b4 c4 18. dxc4 bxc4 19. O-O f5 20. f3 Kh8 21. Bh6 fxe4 22. Bxg7+ Kxg7 23. fxe4 Rxf1+ 24. Kxf1 Rf8+ 25. Kg2 Nf6 26. Nc3 Qb6 27. Qd2 Neg8 28. Rf1 Nh6 29. Qf2 Qd4 30. Qxd4 exd4 31. Nb5 d3 32. Nc3 Nhg4 33. Bxg4 Nxg4 34. Rxf8 Kxf8 35. Kf3 Ke7 36. b5 Kd7 37. a4 a6 38. b6 a5 39. Nb5 Kc8 40. Nxd6+ Kb8 41. Nxc4 Kb7 42. e5 1-0

[Event "WSTCC-65 2024"]
[Site "Krakow"]
[Date "2024.07.05"]
[Round "4.11"]
[White "Hammar, Bengt"]
[Black "Trabattoni, Franco"]
[Result "1-0"]
[ECO "B37"]
[WhiteElo "2127"]
[BlackElo "2210"]
[Annotator "RC"]
[PlyCount "87"]
[EventDate "2024.07.01"]
[EventType "team-tourn"]
[EventCountry "POL"]
[SourceTitle "playchess.com"]
[Source "ChessBase"]
[SourceQuality "1"]
[TimeControl "40/5400+30:1800+30"]

1. e4 c5 2. Nf3 Nc6 3. d4 cxd4 4. Nxd4 g6 5. c4 Bg7 6. Nc2 d6 7. Be2 Nf6 8. Nc3 O-O 9. O-O Bd7 10. f3 Rc8 11. Be3 Na5 12. Na3 b6 13. Qd2 Nc6 14. Rac1 Ne5 15. b3 Bc6 16. Nab5 Ra8 17. Rfd1 Ned7 18. Nd4 Bb7 19. Bg5 a6 20. Kh1 Rb8 21. Bf1 Kh8 22. Nd5 Ng8 23. Qf2 Re8 24. Qh4 Nf8 25. Qf2 h6 26. Be3 Nd7 27. b4 e6 28. Nc3 Qe7 29. a3 Rec8 30. Nb3 Ba8 31. Bd4 Ne5 32. Na4 b5 33. cxb5 Rxc1 34. Rxc1 axb5 35. Nb6 Qe8 36. Nxa8 Rxa8 37. Qb2 g5 38. Na5 Ne7 39. Rc7 Rb8 40. Nb7 f6 41. Bxe5 dxe5 42. Nd6 Qf8 43. Qb3 Ng6 44. Qxe6 1-0

[Event "WSTCC-65 2024"]
[Site "Krakow"]
[Date "2024.07.05"]
[Round "4.11"]
[White "Hewson, Brian W R"]
[Black "Van Herck, Marcel"]
[Result "1-0"]
[ECO "E40"]
[WhiteElo "2042"]
[BlackElo "1942"]
[Annotator "NA RC"]
[PlyCount "89"]
[EventDate "2024.07.01"]
[EventType "team-tourn"]
[EventCountry "POL"]
[SourceTitle "playchess.com"]
[Source "ChessBase"]
[SourceQuality "1"]
[TimeControl "40/5400+30:1800+30"]

1. d4 Nf6 2. c4 e6 3. Nc3 Bb4 4. e3 Nc6 5. Bd2 d5 6. Nf3 O-O 7. Bd3 Re8 8. O-O Bf8 9. a3 g6 10. b4 Bg7 11. b5 Nb8 12. Ne5 Nfd7 13. Nxd7 Qxd7 14. Rc1 c6 15. bxc6 bxc6 16. Na4 Qd8 17. f4 a5 18. c5 Ba6 19. Bxa6 Rxa6 20. Rb1 Nd7 21. Rb7 f6 22. Qe2 Ra8 23. Qg4 Re7 24. Rfb1 Rb8 25. Rxb8 Nxb8 26. Nb6 e5 27. Nc8 Re8 28. Nd6 f5 29. Qd1 exd4 30. Nxe8 Qxe8 31. Qc1 Nd7 32. Rb7 dxe3 33. Bxe3 d4 34. Qc4+ Kf8 35. Bf2 g5 36. Rb1 gxf4 37. Bxd4 Bxd4+ 38. Qxd4 Qe3+ 39. Qxe3 fxe3 40. Rf1 Ke7 41. Rxf5 Ke6 42. Rh5 Nf6 43. Rh6 Ke5 44. Kf1 Nd5 45. Rxc6 1-0

[Event "WSTCC-65 2024"]
[Site "Krakow"]
[Date "2024.07.05"]
[Round "4.11"]
[White "Van Kemenade, Rudy"]
[Black "MacElligott, Gerard"]
[Result "1-0"]
[ECO "C00"]
[WhiteElo "1960"]
[BlackElo "1993"]
[Annotator "NA RC"]
[PlyCount "61"]
[EventDate "2024.07.01"]
[EventType "team-tourn"]
[EventCountry "POL"]
[SourceTitle "playchess.com"]
[Source "ChessBase"]
[SourceQuality "1"]
[TimeControl "40/5400+30:1800+30"]

1. e4 e6 2. d3 c5 3. Nf3 Nc6 4. g3 g6 5. Bg5 Qb6 6. Nbd2 Qxb2 7. Nc4 Qc3+ 8. Bd2 Qg7 9. Bg2 e5 10. O-O d6 11. Rb1 f6 12. Nh4 Qc7 13. f4 Bg7 14. f5 Nge7 15. Ne3 Bd7 16. Nd5 Nxd5 17. exd5 Ne7 18. Be4 O-O-O 19. fxg6 Rdf8 20. gxh7 f5 21. Bg5 fxe4 22. Bxe7 Rxf1+ 23. Qxf1 Be8 24. Nf5 Rxh7 25. Bxd6 Qd7 26. dxe4 Bg6 27. Ne7+ Kd8 28. Bxc5 Bxe4 29. Qf7 Qh3 30. Nc6+ Kc8 31. Qxb7# 1-0

[Event "WSTCC-65 2024"]
[Site "Krakow"]
[Date "2024.07.05"]
[Round "4.12"]
[White "Ceschia, Ivano"]
[Black "Algars, Olle"]
[Result "1-0"]
[ECO "B92"]
[WhiteElo "2180"]
[BlackElo "1883"]
[Annotator "RC"]
[PlyCount "47"]
[EventDate "2024.07.01"]
[EventType "team-tourn"]
[EventCountry "POL"]
[SourceTitle "playchess.com"]
[Source "ChessBase"]
[SourceQuality "1"]
[TimeControl "40/5400+30:1800+30"]

1. e4 c5 2. Nf3 d6 3. d4 cxd4 4. Nxd4 Nf6 5. Nc3 a6 6. Be2 e5 7. Nb3 Be6 8. O-O Be7 9. f4 exf4 10. Bxf4 Nc6 11. Kh1 d5 12. Bf3 dxe4 13. Nxe4 Nd5 14. Bd2 O-O 15. Nec5 Bc8 16. c4 Nc7 17. Bc3 Ne6 18. Nxe6 Bxe6 19. Bd5 Qd6 20. Qh5 Bxd5 21. cxd5 Nb4 22. Rad1 Rad8 23. Nd4 Nxd5 24. Nf5 1-0

[Event "WSTCC-65 2024"]
[Site "Krakow"]
[Date "2024.07.05"]
[Round "4.12"]
[White "O`Connor, Eddie"]
[Black "Quinn, Peter"]
[Result "1/2-1/2"]
[ECO "B29"]
[WhiteElo "1953"]
[BlackElo "1744"]
[Annotator "NA RC"]
[PlyCount "37"]
[EventDate "2024.07.01"]
[EventType "team-tourn"]
[EventCountry "POL"]
[SourceTitle "playchess.com"]
[Source "ChessBase"]
[SourceQuality "1"]
[TimeControl "40/5400+30:1800+30"]

1. e4 c5 2. Nf3 Nf6 3. Nc3 d5 4. exd5 Nxd5 5. Bb5+ Bd7 6. Bxd7+ Qxd7 7. O-O Nxc3 8. bxc3 g6 9. d4 Bg7 10. Ba3 cxd4 11. Re1 Nc6 12. cxd4 Rd8 13. c3 O-O 14. Qe2 Rfe8 15. Rad1 e6 16. Ne5 Qc7 17. f4 a6 18. Qf3 Rd5 19. Nxc6 1/2-1/2

[Event "WSTCC-65 2024"]
[Site "Krakow"]
[Date "2024.07.05"]
[Round "4.13"]
[White "Vogt, Lothar"]
[Black "White, Alastair F"]
[Result "1/2-1/2"]
[ECO "B07"]
[WhiteElo "2292"]
[BlackElo "2022"]
[Annotator "TA"]
[PlyCount "51"]
[EventDate "2024.07.01"]
[EventType "team-tourn"]
[EventCountry "POL"]
[SourceTitle "playchess.com"]
[Source "ChessBase"]
[SourceQuality "1"]
[TimeControl "40/5400+30:1800+30"]

1. e4 d6 2. d4 Nf6 3. Nc3 g6 4. g3 Bg7 5. Bg2 O-O 6. Nge2 e5 7. h3 a6 8. O-O Nc6 9. Be3 Bd7 10. Re1 b5 11. d5 Na5 12. b3 b4 13. Nb1 c5 14. Nd2 Qc8 15. Kh2 Nb7 16. a3 a5 17. Nc4 Qc7 {[%emt 0:00:36] Repels Nb6} 18. a4 Ne8 19. Rc1 {[%emt 0:06:18] White is more active.} f5 20. f4 fxe4 21. Bxe4 Nf6 22. Bg2 {[%emt 0:00:04] Strongly threatening fxe5.} e4 {[%emt 0:00:51] [#]} 23. Ng1 ({White has to play} 23. g4 $1 $16) 23... h5 $11 24. Qd2 Bf5 25. Bf2 Qf7 26. Rcd1 {[%emt 0:00:40] Weighted Error Value: White=0.21 (precise) /Black=0.15 (very precise) .  Mistake:       	White=1     	---        Inaccurate:     	White=3     	Black=6      OK:         	White=9     	Black=3} 1/2-1/2

[Event "WSTCC-65 2024"]
[Site "Krakow"]
[Date "2024.07.05"]
[Round "4.13"]
[White "Maier, Christian"]
[Black "Kasperek, Wieslaw"]
[Result "1-0"]
[ECO "A46"]
[WhiteElo "2252"]
[BlackElo "2009"]
[Annotator "TA"]
[PlyCount "85"]
[EventDate "2024.07.01"]
[EventType "team-tourn"]
[EventCountry "POL"]
[SourceTitle "playchess.com"]
[Source "ChessBase"]
[SourceQuality "1"]
[TimeControl "40/5400+30:1800+30"]

1. d4 Nf6 2. Nf3 e6 3. Bg5 d5 4. Nbd2 Be7 5. e3 b6 6. c4 Bb7 7. cxd5 Bxd5 8. Bb5+ {[%emt 0:01:48] White is slightly better.} Nfd7 9. Bxe7 Qxe7 10. Qc2 ({Better is} 10. Rc1 $16 {Black must now prevent e4.} c5 11. dxc5 bxc5 12. e4) 10... c6 11. Bd3 {[%emt 0:00:20] [#] And now e4 would win.} c5 12. O-O h6 $1 13. a3 O-O 14. Rac1 a5 15. Rfd1 Ra7 16. Bh7+ Kh8 17. Be4 cxd4 18. Nxd4 Nf6 19. Bxd5 Nxd5 20. Nb5 {[%emt 0:02:20] Prevents Rc7.} Rd7 21. Nf3 Qf6 22. e4 (22. Rd2 $5) 22... Nf4 23. g3 $36 {[%emt 0:03:22][%mdl 2048] White is pushing.} Ng6 24. Qc3 e5 25. Kg2 Qe7 {[%emt 0:03:50] Black is now going downhill.} (25... Rfd8 $14 26. Rxd7 Nxd7) 26. h4 $16 {[%emt 0:01:17] h5 would now be deadly. White is more active.} h5 (26... Rfd8 $16 27. Rxd7 Nxd7) 27. Qe3 $18 Rxd1 28. Rxd1 Nd7 29. Nc3 f6 30. Qe2 Nc5 31. Ng1 Qf7 32. Qxh5+ Kg8 33. Qg4 {[%emt 0:00:36] Prevents Nf4+. b4 is the strong threat.} Ne7 34. Nd5 Nc6 (34... Nxd5 $16 {was necessary.} 35. Rxd5 Qb7) 35. Nf3 Rb8 36. b4 axb4 37. axb4 Ne6 38. Rc1 Ncd4 (38... Ne7 39. h5 Nxd5) 39. Nxd4 {[%emt 0:03:31] White is clearly winning.} exd4 40. Rc6 Re8 41. Rxb6 Kh8 {[%emt 0:34:32] [#]} (41... d3 $142 42. Rd6 Kh8) 42. Rb7 $3 Qf8 (42... f5 43. Qf3) 43. Qh5+ $2 {[%emt 0:02:26] Weighted Error Value: White=0.06 (flawless) /Black=0.27 (precise) .  Mistake:       	White=1     	Black=5      Inaccurate:     	White=2     	Black=5      OK:         	White=22    	Black=12     Best:        	White=1     	---        Strong:       	---       	Black=1} (43. Nxf6 Qxf6 44. Qh5+ Kg8 45. Qxe8+ Nf8 46. Rd7) 1-0

[Event "WSTCC-65 2024"]
[Site "Krakow"]
[Date "2024.07.05"]
[Round "4.13"]
[White "Falk, Thomas"]
[Black "Sosnowska, Elzbieta"]
[Result "1-0"]
[ECO "D33"]
[WhiteElo "2022"]
[BlackElo "1810"]
[Annotator "NA RC"]
[PlyCount "121"]
[EventDate "2024.07.01"]
[EventType "team-tourn"]
[EventCountry "POL"]
[SourceTitle "playchess.com"]
[Source "ChessBase"]
[SourceQuality "1"]
[TimeControl "40/5400+30:1800+30"]

1. d4 d5 2. c4 e6 3. Nc3 c5 4. cxd5 exd5 5. Nf3 Nc6 6. g3 c4 7. Bg2 Bb4 8. O-O Nge7 9. e4 O-O 10. exd5 Nxd5 11. Nxd5 Qxd5 12. Be3 Bf5 13. Ne5 Qb5 14. a4 Qa6 15. Qf3 Nxe5 16. Qxf5 Ng6 17. Rfc1 Rad8 18. Qb5 Qd6 19. Rxc4 a5 20. Qxb7 Rd7 21. Qc6 Qe7 22. h4 Rd6 23. Qf3 Qd7 24. Kh2 h6 25. b3 Rd8 26. Rac1 Rf6 27. Qb7 Qe6 28. Rc8 Rf8 29. h5 Nh4 30. Rxf8+ Bxf8 31. Qe4 Nxg2 32. Qxe6 fxe6 33. Kxg2 Bb4 34. g4 Rf8 35. f4 Bd6 36. Kf3 Kf7 37. Ke4 Ke7 38. Bd2 Rb8 39. Bxa5 Rxb3 40. Bc7 Ra3 41. Bxd6+ Kxd6 42. Rb1 Rxa4 43. Rb7 Ra1 44. Rxg7 Re1+ 45. Kf3 Rf1+ 46. Ke3 Re1+ 47. Kf2 Rd1 48. Rg6 Rxd4 49. f5 Re4 50. Kf3 Kd5 51. Rxh6 exf5 52. gxf5 Rh4 53. Kg3 Rh1 54. Kf4 Rf1+ 55. Kg5 Rg1+ 56. Kf6 Ke4 57. Rg6 Ra1 58. h6 Kf4 59. h7 Rh1 60. Kg7 Kxf5 61. Rg2 1-0

[Event "WSTCC-65 2024"]
[Site "Krakow"]
[Date "2024.07.05"]
[Round "4.14"]
[White "Scrimgour, Alan"]
[Black "Wenner, Tobias"]
[Result "1/2-1/2"]
[ECO "C02"]
[WhiteElo "1979"]
[BlackElo "2090"]
[Annotator "NA RC"]
[PlyCount "37"]
[EventDate "2024.07.01"]
[EventType "team-tourn"]
[EventCountry "POL"]
[SourceTitle "playchess.com"]
[Source "ChessBase"]
[SourceQuality "1"]
[TimeControl "40/5400+30:1800+30"]

1. e4 c5 2. c3 e6 3. d4 d5 4. e5 Nc6 5. Nf3 Qb6 6. a3 Bd7 7. b4 cxd4 8. cxd4 Rc8 9. Be2 Nh6 10. Bxh6 gxh6 11. O-O Ne7 12. Qd2 Nf5 13. Nc3 h5 14. Nd1 Bh6 15. Ne3 Ba4 16. Rfc1 O-O 17. Rc3 Bb5 18. Rc5 Bxe2 19. Qxe2 1/2-1/2

[Event "WSTCC-65 2024"]
[Site "Krakow"]
[Date "2024.07.05"]
[Round "4.14"]
[White "Kusina, Jan"]
[Black "Raupp, Thomas"]
[Result "0-1"]
[ECO "D26"]
[WhiteElo "1969"]
[BlackElo "2237"]
[Annotator "TA"]
[PlyCount "58"]
[EventDate "2024.07.01"]
[EventType "team-tourn"]
[EventCountry "POL"]
[SourceTitle "playchess.com"]
[Source "ChessBase"]
[SourceQuality "1"]
[TimeControl "40/5400+30:1800+30"]

1. d4 d5 2. Nf3 Nf6 3. c4 dxc4 4. e3 e6 5. Bxc4 c5 6. Nc3 a6 7. a4 Nc6 8. O-O Be7 9. Qe2 cxd4 10. Rd1 O-O 11. exd4 Nb4 12. Bg5 h6 13. Bh4 Bd7 14. Ne5 Bc6 {[%emt 0:01:07] Die Stellung ist ausgeglichen.} 15. Nxc6 bxc6 16. Rac1 a5 17. Ne4 Nxe4 {[%emt 0:21:12] Hervorragende Reitkunst.} 18. Bxe7 Qxe7 19. Qxe4 Rfd8 20. g3 Ra7 21. Kg2 Rd6 22. Qe5 Qd8 23. Bb3 Rad7 24. Rc5 Rxd4 25. Rxd4 Rxd4 26. Rxa5 $2 {[%emt 0:03:49][%mdl 8192] [#] Ein Fehler, der zur Niederlage führt.} (26. Bc4 $17 {ist zäher.}) 26... Nd3 $1 $19 {[%emt 0:02:26][%csl LRb2,LRe5] Schwarz steht klar auf Gewinn.} 27. Qe3 Rb4 28. Bc2 Qxa5 29. Qxd3 Rxb2 {[%emt 0:05:19] Gewichteter Fehlerwert: Weiß=0.46/Schwarz=0.02 (makellos) .  Verlustzug:     	Weiß=1     	---        Ungenau:       	Weiß=3     	---        OK:         	Weiß=7     	Schwarz=9     Bester:       	---       	Schwarz=2} 0-1

[Event "WSTCC-65 2024"]
[Site "Krakow"]
[Date "2024.07.05"]
[Round "4.14"]
[White "Marks, Zofia"]
[Black "Lomer, Edmund"]
[Result "1/2-1/2"]
[ECO "A28"]
[WhiteElo "1906"]
[BlackElo "1943"]
[Annotator "NA RC"]
[PlyCount "61"]
[EventDate "2024.07.01"]
[EventType "team-tourn"]
[EventCountry "POL"]
[SourceTitle "playchess.com"]
[Source "ChessBase"]
[SourceQuality "1"]
[TimeControl "40/5400+30:1800+30"]

1. c4 e5 2. Nc3 Nc6 3. Nf3 Nf6 4. d4 exd4 5. Nxd4 Ne5 6. e3 Bb4 7. Qc2 O-O 8. Be2 b6 9. Bd2 Bb7 10. f3 a5 11. a3 Bc5 12. Na4 Bxd4 13. exd4 Nc6 14. Bc3 Re8 15. O-O-O d5 16. Rhe1 Qd6 17. Kb1 Na7 18. c5 Qc6 19. b3 Rad8 20. Bd3 Rxe1 21. Bxe1 Re8 22. cxb6 Qxc2+ 23. Kxc2 cxb6 24. Nxb6 Nc6 25. Bb5 Nxd4+ 26. Rxd4 Rxe1 27. b4 axb4 28. axb4 Kf8 29. Na4 Ke7 30. Nc5 Bc8 31. Rd2 1/2-1/2

[Event "WSTCC-65 2024"]
[Site "Krakow"]
[Date "2024.07.05"]
[Round "4.15"]
[White "Kiefer, Gerhard"]
[Black "Irlik, Andrzej"]
[Result "1-0"]
[ECO "C50"]
[WhiteElo "2210"]
[BlackElo "1983"]
[Annotator "TA"]
[PlyCount "59"]
[EventDate "2024.07.01"]
[EventType "team-tourn"]
[EventCountry "POL"]
[SourceTitle "playchess.com"]
[Source "ChessBase"]
[SourceQuality "1"]
[TimeControl "40/5400+30:1800+30"]

1. e4 e5 2. Nf3 Nc6 3. d4 exd4 4. Bc4 Be7 5. O-O d6 6. Nxd4 Ne5 7. Bb3 Nf6 8. f4 Ng6 9. Nc3 O-O 10. a4 c6 11. Kh1 Qc7 12. Nf3 {[%emt 0:04:59] White is slightly better.} h6 13. f5 Ne5 14. Nxe5 dxe5 15. Qf3 Nh7 16. Be3 {[%emt 0:11:58] Black is weak on the light squares} (16. Qh5 $16) 16... b6 $1 $14 17. Bc4 {[%emt 0:02:12] Inhibits Ba6.} Bb7 18. Qg4 Bg5 (18... Nf6 $14 19. Qg3 Kh8) 19. Bxg5 $16 hxg5 20. Rf3 $1 $36 {[%emt 0:00:32][%mdl 2048] Black must now prevent Rh3. White is on the roll. White has more active pieces.} Rad8 21. Raf1 ({White should try} 21. h4 $16 Rd4 22. hxg5 Rxc4 23. Rh3 Nxg5 24. Qxg5) 21... Rd6 $1 $14 22. Rh3 Qe7 23. Ne2 Rfd8 24. Ng3 {[%emt 0:00:29][%cal Of5f6] Hoping for f6!} Rh6 (24... Bc8 $14) 25. Rxh6 $18 gxh6 {[%emt 0:00:02] [#]} 26. f6 $1 Qc5 (26... Qf8 27. Qf5 Kh8 28. Qxe5 g4) 27. Bxf7+ Kxf7 {[%emt 0:01:00] [#]} 28. Qh5+ $2 (28. Nf5 $1 $18 {Qh5+ would now be deadly.} Qc4 29. Ne3 Qxf1+ (29... Qxa4 $2 {too greedy.} 30. Qf5 $18) 30. Nxf1 Nxf6 31. Qf3) 28... Kg8 $2 (28... Ke6 $16) 29. Qg6+ (29. Qxh6 Qf8 30. f7+ Kh8 $14) 29... Kh8 30. Qg7# {Weighted Error Value: White=0.42/Black=0.65.  Loses game:     	---       	Black=2      Mistake:       	White=2     	Black=2      Inaccurate:     	White=1     	Black=2      OK:         	White=7     	Black=4      Best:        	White=2     	Black=1      Strong:       	White=2     	Black=2} 1-0

[Event "WSTCC-65 2024"]
[Site "Krakow"]
[Date "2024.07.05"]
[Round "4.15"]
[White "Dekan, Hans"]
[Black "Marks, Ian A"]
[Result "1-0"]
[ECO "B07"]
[WhiteElo "2083"]
[BlackElo "1932"]
[Annotator "NA RC"]
[PlyCount "67"]
[EventDate "2024.07.01"]
[EventType "team-tourn"]
[EventCountry "POL"]
[SourceTitle "playchess.com"]
[Source "ChessBase"]
[SourceQuality "1"]
[TimeControl "40/5400+30:1800+30"]

1. e4 d6 2. d4 Nf6 3. Nc3 c6 4. Nf3 Bg4 5. Bd3 e6 6. O-O d5 7. e5 Nfd7 8. Ne2 Bxf3 9. gxf3 c5 10. c3 Nc6 11. Be3 c4 12. Bc2 Ne7 13. b3 Nb6 14. Bg5 Qc7 15. Bxe7 Bxe7 16. f4 g6 17. b4 O-O-O 18. a4 Rdg8 19. Kh1 Qd8 20. Qd2 f5 21. exf6 Bxf6 22. Qe3 Qd6 23. Rae1 g5 24. f5 e5 25. dxe5 Bxe5 26. Ng3 Bf4 27. Qd4 Re8 28. Re6 Qd8 29. a5 Na8 30. Qxa7 Kc7 31. a6 Qc8 32. Qc5+ Kd8 33. Qxd5+ Kc7 34. Qc5+ 1-0

[Event "WSTCC-65 2024"]
[Site "Krakow"]
[Date "2024.07.05"]
[Round "4.15"]
[White "Hansch, Klaus-Michael"]
[Black "Gasik, Jadwiga"]
[Result "1/2-1/2"]
[ECO "B13"]
[WhiteElo "1898"]
[BlackElo "1780"]
[Annotator "NA RC"]
[PlyCount "148"]
[EventDate "2024.07.01"]
[EventType "team-tourn"]
[EventCountry "POL"]
[SourceTitle "playchess.com"]
[Source "ChessBase"]
[SourceQuality "1"]
[TimeControl "40/5400+30:1800+30"]

1. e4 c6 2. d4 d5 3. exd5 cxd5 4. Bd3 Nc6 5. c3 g6 6. h3 Bg7 7. Nf3 Nf6 8. Bf4 Qb6 9. Qd2 h6 10. Na3 Bd7 11. Rb1 Rc8 12. O-O Ne4 13. Qe3 g5 14. Bh2 f5 15. Bxe4 fxe4 16. Nd2 O-O 17. Nc2 Bf5 18. Nb3 e5 19. Rfd1 Bg6 20. dxe5 Qxe3 21. Nxe3 Nxe5 22. Bxe5 Bxe5 23. Nxd5 Rf7 24. Ne3 Rcf8 25. Rd2 Bc7 26. Rbd1 Bb6 27. Nd4 Bh5 28. g4 Bg6 29. Kg2 Kh7 30. Nc4 Bc5 31. Ne5 Re7 32. Nxg6 Kxg6 33. Nf5 Ref7 34. Re1 Re8 35. Rde2 e3 36. fxe3 h5 37. e4 hxg4 38. hxg4 Rh7 39. Rh1 Rxh1 40. Kxh1 Bb6 41. e5 Bc7 42. e6 Kf6 43. e7 Kf7 44. c4 b6 45. b4 Kf6 46. c5 bxc5 47. bxc5 Bf4 48. Nd6 Rxe7 49. Rxe7 Kxe7 50. Ne4 Kd7 51. Kg2 Kc6 52. Nf2 Be3 53. Ne4 a5 54. Kf3 Bxc5 55. Nxg5 Kd5 56. Ne4 Bd4 57. Nd2 a4 58. Ke2 Kc5 59. Kd3 Bg7 60. Kc2 Kb4 61. Nb1 Bf6 62. Kd3 a3 63. Nd2 Bg7 64. g5 Kc5 65. Nb1 Kd5 66. Nxa3 Ke5 67. Nc4+ Kf5 68. Nd6+ Kxg5 69. Ke4 Bc3 70. a4 Kf6 71. Kd5 Ke7 72. Kc6 Bb4 73. Nb7 Be1 74. a5 Bxa5 1/2-1/2

[Event "WSTCC-65 2024"]
[Site "Krakow"]
[Date "2024.07.05"]
[Round "4.16"]
[White "McAndrew, Robert"]
[Black "Staub, Gerhard"]
[Result "0-1"]
[ECO "A20"]
[WhiteElo "1926"]
[BlackElo "2089"]
[Annotator "NA RC"]
[PlyCount "63"]
[EventDate "2024.07.01"]
[EventType "team-tourn"]
[EventCountry "POL"]
[SourceTitle "playchess.com"]
[Source "ChessBase"]
[SourceQuality "1"]
[TimeControl "40/5400+30:1800+30"]

1. c4 e5 2. g3 Nf6 3. Bg2 c6 4. Nf3 e4 5. Nd4 Qb6 6. Nb3 a5 7. d3 a4 8. N3d2 Bc5 9. O-O e3 10. fxe3 Bxe3+ 11. Kh1 d6 12. Nc3 a3 13. Rb1 O-O 14. Rxf6 gxf6 15. bxa3 Qd8 16. Bb2 Nd7 17. Nce4 Ne5 18. Nf3 Ng4 19. h3 d5 20. hxg4 dxe4 21. Nh4 Bxg4 22. Bxe4 Qd6 23. Kg2 Ra5 24. Qe1 Rg5 25. Nf3 Bxf3+ 26. exf3 Re8 27. g4 Bd4 28. Qh4 Rg7 29. Bxd4 Qxd4 30. Qf2 Qd7 31. Qc5 Rxe4 32. dxe4 0-1

[Event "WSTCC-65 2024"]
[Site "Krakow"]
[Date "2024.07.05"]
[Round "4.16"]
[White "Turecki, Stanislaw"]
[Black "Vogel, Robert"]
[Result "0-1"]
[ECO "B06"]
[WhiteElo "1873"]
[BlackElo "2085"]
[Annotator "NA RC"]
[PlyCount "42"]
[EventDate "2024.07.01"]
[EventType "team-tourn"]
[EventCountry "POL"]
[SourceTitle "playchess.com"]
[Source "ChessBase"]
[SourceQuality "1"]
[TimeControl "40/5400+30:1800+30"]

1. e4 g6 2. d4 Bg7 3. Be3 d6 4. Bc4 Nf6 5. f3 d5 6. Bd3 dxe4 7. fxe4 Ng4 8. Bd2 Qxd4 9. Nh3 Qxb2 10. O-O Qxa1 11. Qf3 O-O 12. Nc3 Qb2 13. Nd5 Nc6 14. Ng5 h6 15. Nxf7 Be6 16. Qg3 Rxf7 17. Rxf7 Kxf7 18. h3 Qa1+ 19. Bf1 Qd4+ 20. Be3 Nxe3 21. Nxe3 Qxe3+ 0-1

[Event "WSTCC-65 2024"]
[Site "Krakow"]
[Date "2024.07.05"]
[Round "4.16"]
[White "Bartczak, Hanna"]
[Black "Kundt, Guenther"]
[Result "1/2-1/2"]
[ECO "D00"]
[WhiteElo "1639"]
[BlackElo "1843"]
[Annotator "NA RC"]
[PlyCount "32"]
[EventDate "2024.07.01"]
[EventType "team-tourn"]
[EventCountry "POL"]
[SourceTitle "playchess.com"]
[Source "ChessBase"]
[SourceQuality "1"]
[TimeControl "40/5400+30:1800+30"]

1. d4 d5 2. Nc3 e6 3. Bf4 c5 4. e3 Bd7 5. Nf3 Nc6 6. Nb5 Rc8 7. Bd6 a6 8. Bxf8 Kxf8 9. Nd6 Rb8 10. Ne5 Be8 11. Nxe8 Nxe5 12. Nxg7 Kxg7 13. dxe5 Ne7 14. Qg4+ Kf8 15. Qh4 Nf5 16. Qxd8+ Rxd8 1/2-1/2

[Event "WSTCC-65 2024"]
[Site "Krakow"]
[Date "2024.07.05"]
[Round "4.17"]
[White "Shilov, Sergej"]
[Black "Kyas, Juergen"]
[Result "1-0"]
[ECO "B27"]
[WhiteElo "2143"]
[BlackElo "2173"]
[Annotator "RC"]
[PlyCount "65"]
[EventDate "2024.07.01"]
[EventType "team-tourn"]
[EventCountry "POL"]
[SourceTitle "playchess.com"]
[Source "ChessBase"]
[SourceQuality "1"]
[TimeControl "40/5400+30:1800+30"]

1. e4 c5 2. Nf3 g6 3. c3 Bg7 4. d4 cxd4 5. cxd4 d5 6. exd5 Nf6 7. Bb5+ Bd7 8. Bc4 O-O 9. Nc3 Bg4 10. h3 Bxf3 11. Qxf3 Nbd7 12. O-O Nb6 13. Bb3 Qd7 14. Bf4 Rac8 15. Rfe1 Nc4 16. Bxc4 Rxc4 17. Be5 Qf5 18. Re3 Rd8 19. Rae1 b5 20. a3 a6 21. g4 Qxf3 22. Rxf3 Rxc3 23. Rxc3 Nxd5 24. Rc6 Bxe5 25. dxe5 Nf4 26. Re4 Rd1+ 27. Kh2 g5 28. h4 Ne6 29. hxg5 Nxg5 30. Re3 Rd2 31. Kg3 Rxb2 32. Rxa6 Kg7 33. Ra7 1-0

[Event "WSTCC-65 2024"]
[Site "Krakow"]
[Date "2024.07.05"]
[Round "4.17"]
[White "Kerr, Grant"]
[Black "Kennedy, Shernaz"]
[Result "1/2-1/2"]
[ECO "B21"]
[WhiteElo "1769"]
[BlackElo "1784"]
[Annotator "NA RC"]
[PlyCount "151"]
[EventDate "2024.07.01"]
[EventType "team-tourn"]
[EventCountry "POL"]
[SourceTitle "playchess.com"]
[Source "ChessBase"]
[SourceQuality "1"]
[TimeControl "40/5400+30:1800+30"]

1. e4 c5 2. d4 cxd4 3. c3 dxc3 4. Nxc3 e6 5. Nf3 Ne7 6. Bc4 Ng6 7. O-O Nc6 8. Qe2 d6 9. Rd1 a6 10. Be3 Be7 11. Rac1 Bd7 12. Nd4 O-O 13. a4 Rc8 14. Ba2 Nb4 15. Bb1 Qa5 16. Nb3 Qd8 17. a5 Bc6 18. Bb6 Qe8 19. g3 Ne5 20. f4 Nd7 21. Be3 d5 22. Nd4 dxe4 23. Nxc6 Nxc6 24. Bxe4 Nxa5 25. Na4 Rxc1 26. Rxc1 b5 27. Nc5 Nxc5 28. Bxc5 Bxc5+ 29. Rxc5 f5 30. Bd3 Qd7 31. Re5 Rf6 32. Qe3 Nc6 33. Rc5 Qd4 34. Kf2 Qxb2+ 35. Rc2 Qb4 36. Rxc6 a5 37. Qe2 Qd4+ 38. Qe3 Qb2+ 39. Rc2 Qb3 40. Qd4 h6 41. Qc3 Qa4 42. Qc5 b4 43. Re2 Kh7 44. Qc4 Qd7 45. Bc2 Qa7+ 46. Kf1 Qb7 47. Ke1 Qb6 48. Bb3 Qg1+ 49. Kd2 h5 50. Qd3 Qb6 51. Qe3 Qc6 52. Qd3 a4 53. Bc4 Kg6 54. Bb5 Qa8 55. Qc4 Qa5 56. Kc1 a3 57. Kb1 Kh7 58. Ka2 Rf8 59. Rxe6 Rb8 60. Re5 Qd8 61. Re2 Qb6 62. Ba4 Rd8 63. Bb3 Qd6 64. Rc2 Rf8 65. Qd5 Qb6 66. Qc5 Qb8 67. Rc4 Qa8 68. Qxb4 Rb8 69. Qc3 Re8 70. Rc7 Re2+ 71. Bc2 Qd5+ 72. Kxa3 Qd6+ 73. Kb3 Qb6+ 74. Ka2 Qa6+ 75. Kb3 Qb6+ 76. Ka2 1/2-1/2